 Dungeon Crawl Stone Soup version 0.27-a0-1065-ge809cff456 (webtiles) character file.

Game seed: 11557909219006277501

65 flotson the Bolt Thrower (level 4, 0/26 HPs)
             Began as a Kobold Arcane Marksman on Apr 21, 2021.
             Was a Follower of Wu Jian.
             Slain by a hobgoblin
             ... wielding a +0 club
              (6 damage)
             ... on level 3 of the Dungeon on Apr 22, 2021.
             The game lasted 00:06:35 (1978 turns).

flotson the Bolt Thrower (Kobold Arcane Marksman)   Turns: 1978, Time: 00:06:36

Health: 0/26       AC:  4    Str:  8    XL:     4   Next: 35%
Magic:  6/6        EV: 14    Int: 14    God:    Wu Jian [*.....]
Gold:   132        SH:  0    Dex: 15    Spells: 0/6 levels left

rFire    + . .     SeeInvis .   b - +0 dagger (venom)
rCold    . . .     Faith    .   (shield restricted)
rNeg     . . .     Spirit   .   k - +0 leather armour
rPois    .         Reflect  .   (no helmet)
rElec    .         Harm     .   (no cloak)
rCorr    .         Rampage  .   (no gloves)
Will     .....                  l - +0 pair of boots
Stlth    ++........             (no amulet)
HPRegen  0.08/turn              g - ring of protection from fire
MPRegen  0.10/turn              (no ring)

@: no status effects
A: small, no large weapons, nightstalker 3
a: Renounce Religion


You were on level 3 of the Dungeon.
You worshipped Wu Jian.
Wu Jian was aware of your devotion.
You visited 1 branch of the dungeon, and saw 3 of its levels.

You collected 132 gold pieces.

Inventory:

Hand Weapons
 a - a +0 hand crossbow
 b - a +0 dagger of venom (weapon)
Missiles
 d - 7 bolts
 f - 16 poisoned darts
Armour
 k - a +0 leather armour (worn)
 l - a +0 pair of boots (worn)
Jewellery
 g - a ring of protection from fire (left hand)
Scrolls
 c - 3 scrolls of teleportation {unknown}
 e - a scroll of enchant armour {unknown}
 j - 2 scrolls of identify {unknown}
Potions
 h - a potion of lignification {unknown}
 i - a potion of ambrosia {unknown}
 m - 4 potions of heal wounds {unknown}


   Skills:
 + Level 1.7 Fighting
 + Level 0.0 Short Blades
 * Level 3.4 Crossbows
 + Level 0.9 Throwing
 + Level 0.3 Armour
 + Level 2.8 Dodging
 + Level 0.1 Stealth
 + Level 1.9 Spellcasting
 + Level 3.2 Hexes


You couldn't memorise any spells.
You knew the following spells:

 Your Spells              Type           Power      Damage    Failure   Level
a - Corona                Hex            11%        N/A       9%          1
b - Portal Projectile     Hex/Tloc       10%        N/A       45%         3
c - Slow                  Hex            10%        N/A       13%         2

Your spell library contained the following spells:

 Spells                   Type           Power      Damage    Failure   Level
 Summon Small Mammal      Summ           4%         N/A       34%         1
 Call Imp                 Summ           1%         N/A       45%         2
 Inner Flame              Hex/Fire       5%         N/A       45%         3
 Summon Guardian Golem    Hex/Summ       5%         N/A       45%         3
 Cause Fear               Hex            5%         N/A       65%         4
 Call Canine Familiar     Summ           1%         N/A       71%         3
 Leda's Liquefaction      Hex/Erth       2%         N/A       86%         4
 Summon Ice Beast         Ice/Summ       1%         N/A       98%         4
 Summon Lightning Spire   Summ/Air       1%         N/A       98%         4


Dungeon Overview and Level Annotations

Branches:
Dungeon (3/15)

Altars:
Wu Jian

Annotations:
D:3 2 transporters, ArcanElement's ghost, amateur HuFi


Innate Abilities, Weirdness & Mutations

You are small and have problems with some larger weapons.
You are completely attuned to the shadows.


Message History

No target in view!
No target in view!
A hobgoblin and a kobold come into view.
The kobold moves out of view.
Things that are here:
a +0 club; a kobold corpse
There are monsters nearby!
The hobgoblin shouts!
The hobgoblin closely misses you.
You hit the hobgoblin but do no damage.
The hobgoblin is poisoned.
The hobgoblin closely misses you.
You hit the hobgoblin but do no damage.
The hobgoblin looks as sick as possible!
The hobgoblin is heavily wounded.
The hobgoblin hits you with a +0 club. x2
You barely miss the hobgoblin.
The hobgoblin is severely wounded.
The hobgoblin closely misses you. x2
You hit the hobgoblin but do no damage.
The hobgoblin looks as sick as possible!
The hobgoblin is almost dead.
You kill the hobgoblin!
The Council accepts your kill. The hobgoblin hits you with a +0 club.
You barely miss the kobold. The hobgoblin hits you with a +0 club.
The kobold misses you.
You are too injured to fight recklessly!
You are too injured to fight recklessly!
You are too injured to fight recklessly!
You are too injured to fight recklessly!
You are too injured to fight recklessly!
You are too injured to fight recklessly!
You are too injured to fight recklessly!
Things that are here:
a +0 club; a kobold corpse You hit the hobgoblin but do no damage.
The hobgoblin is poisoned.
The hobgoblin hits you with a +0 club.
* * * LOW HITPOINT WARNING * * *
You barely miss the hobgoblin. The hobgoblin hits you with a +0 club.
You die...

##.######.# ...# #.#
#..# #.# #..# #.#
#..######># #####
...##≈≈≈#.# #...
#≈≈≈≈≈≈≈≈≈######.####
###≈≈≈≈≈≈≈≈..........
###≈≈≈########@####
##### ...##g### .g.
...).K$..# #...#.###.
........ ...######
..# #.# #.####.# #.#
#....#.#


You could see a hobgoblin (very poisoned) and a kobold.

Vanquished Creatures
  2 adders (D:2)
  7 bats
  4 endoplasms
  4 giant cockroaches
  3 goblins
  4 hobgoblins
  2 jackals (D:2)
  5 kobolds
  3 quokkas
  2 ball pythons
  6 frilled lizards
  2 rats
44 creatures vanquished.

Notes
Turn   | Place    | Note
-------+----------+-------------------------------------------
     0 | D:1      | flotson the Kobold Arcane Marksman began the quest for the
                  | Orb.
     0 | D:1      | Reached XP level 1. HP: 12/12 MP: 2/2
   106 | D:1      | Reached XP level 2. HP: 16/16 MP: 3/3
   695 | D:1      | Reached XP level 3. HP: 20/20 MP: 5/5
   734 | D:2      | Learned a level 3 spell: Portal Projectile
  1116 | D:2      | Found a faded altar of an unknown god.
  1121 | D:2      | Became a worshipper of the Wu Jian Council
  1121 | D:2      | Reached * piety under Wu Jian
  1202 | D:2      | Reached XP level 4. HP: 19/25 MP: 6/6
  1561 | D:2      | Learned a level 2 spell: Slow
  1594 | D:3      | Found a transporter.
  1604 | D:3      | Upgraded the game from 0.27-a0-1060-gcb85b5eba1 to
                  | 0.27-a0-1065-ge809cff456
  1614 | D:3      | Found a transporter.
  1615 | D:3      | Noticed ArcanElement's ghost (amateur HuFi)
  1978 | D:3      | Slain by a hobgoblin

Illustrated notes

Levels and vault maps discovered:
D:1:      amcnicky_arrival_single_pillar, layout_basic,
          minmay_misc_feat_more_columns
D:2:      layout_rooms, basic_ecumenical_altar, dk_noncrumbling_4
D:3:      cheibrodos_thug_alley, layout_loops_ring,
          gammafunk_temple_overflow_forgotten, gammafunk_ghost_mausoleum,
          chequers_serial_rivers_micro_b

Skill      XL: |  1  2 |
---------------+-------+-----
Crossbows      | 3 |  3.4
Fighting       | |  1.7
Throwing       | |  0.9
Armour         | |  0.3
Dodging        | |  2.8
Stealth        | |  0.1
Spellcasting   | |  1.9
Hexes          | |  3.2

Action                   |  1- 3 |  4- 6 || total
-------------------------+-------+-------++-------
Melee: Dagger            |       |    11 ||    11
 Fire: Hand crossbow     |    74 |    15 ||    89
Armor: Robe              |     3 |       ||     3
       Leather armour    |       |     3 ||     3
Dodge: Dodged            |    25 |     8 ||    33

Table legend: (Time is in decaauts)
 A = Elapsed time spent in this place.
 B = Non-inter-level travel time spent in this place.
 C = Inter-level travel time spent in this place.
 D = Time resting spent in this place.
 E = Time spent auto-exploring this place.
 F = Levels seen in this place.
 G = Mean time per level.
                   A        B        C        D        E       F      G
               +--------+--------+--------+--------+--------+-----+--------+
         Total |   2013 |   1969 |     44 |      0 |   1673 |   3 |  671.0 |
       Dungeon |   2013 |   1969 |     44 |      0 |   1673 |   3 |  671.0 |
               +--------+--------+--------+--------+--------+-----+--------+

Top non-repeatable levels by time:
     D:2: 882 daAuts
     D:1: 735 daAuts
     D:3: 395 daAuts
